 Dungeon Crawl Stone Soup version 0.22.0-5-gf09313c8f9 (webtiles) character file.

21512 Htamos the Warrior (level 12, -17/121 HPs)
             Began as a Centaur Earth Elementalist on Aug 14, 2018.
             Was a High Priest of Okawaru.
             Demolished by Rupert
             ... wielding a +0 battleaxe of draining
              (18 damage)
             ... on level 4 of the Lair of Beasts.
             The game lasted 00:42:22 (28911 turns).

Htamos the Warrior (Centaur Earth Elementalist)    Turns: 28911, Time: 00:42:22

Health: -17/121    AC: 14    Str: 18    XL:     12   Next: 54%
Magic:  14/14      EV:  3    Int: 14    God:    Okawaru [*****.]
Gold:   1120       SH:  0    Dex: 11    Spells: 13/14 levels left

rFire    . . .     SeeInvis .   b - +1 whip (flame)
rCold    . . .     Gourm    .   (no shield)
rNeg     . . .     Faith    .   W - +3 plate armour
rPois    +         Spirit   .   V - +0 helmet
rElec    .         Reflect  .   t - scarf {repulsion}
rCorr    .         Harm     .   f - +0 pair of gloves
MR       .....                  (no barding)
Stlth    ..........             (no amulet)
HPRegen  0.30/turn              w - ring of poison resistance
MPRegen  0.14/turn              m - +3 ring of strength

@: confused, very heavily drained, invisible, repel missiles, very quick
A: large, hooves 3, deformed body, speed 2, tough skin 3
a: Heroism, Finesse, Renounce Religion


You were on level 4 of the Lair of Beasts.
You worshipped Okawaru.
Okawaru was extremely pleased with you.
You were not hungry.

You visited 3 branches of the dungeon, and saw 17 of its levels.

You collected 1120 gold pieces.

Inventory:

Hand Weapons
 a - a +2 shortbow
 b - a +1 whip of flaming (weapon)
 k - a +2 dagger of distortion
 u - a +2 dagger of pain
 v - a +0 spear
 D - a +0 flail
 I - the +1 rapier "Ponla" {elec, rPois Int+4 Stlth+}
   (You found it on level 4 of the Dungeon)

   Occasionally, upon striking a foe, it will discharge some electrical energy
   and cause terrible harm.
   It affects your intelligence (+4).
   It protects you from poison.
   It makes you more stealthy.
 J - a +1 vampiric whip
Missiles
 e - 4 needles of confusion
 r - 2 throwing nets (quivered)
 z - 520 stones
 C - 14 curare-tipped needles
 E - 154 arrows
 G - 117 sling bullets
Armour
 f - a +0 pair of gloves (worn)
 t - a scarf of repulsion (worn)
 V - a +0 helmet (worn)
 W - a +3 plate armour (worn)
Jewellery
 g - a +3 amulet of reflection {unknown}
 m - a +3 ring of strength (right hand)
 w - a ring of poison resistance (left hand)
 H - an uncursed amulet of rage
 M - an uncursed ring of magical power
 S - a +3 ring of intelligence
 Y - an uncursed ring of magical power
Wands
 i - a wand of scattershot (4)
 y - a wand of random effects (50)
 P - a wand of digging (4)
 T - a wand of flame (9)
 X - a wand of paralysis (14)
Scrolls
 l - a scroll of silence
 n - 3 scrolls of teleportation
 p - 4 scrolls of magic mapping
 A - 5 scrolls of remove curse
 F - a scroll of amnesia
 L - a scroll of fear
 Q - a scroll of blinking
Potions
 h - 5 potions of might
 j - a potion of magic
 o - 3 potions of lignification
 q - 6 potions of curing
 s - 3 potions of haste
 x - 3 potions of brilliance {unknown}
 B - 3 potions of agility
 K - a potion of berserk rage {unknown}
 N - 2 potions of invisibility
 R - 3 potions of heal wounds
 U - 4 potions of resistance
Comestibles
 d - 20 rations


   Skills:
 + Level 15.2(10.8) Fighting
 * Level 13.6(9.3) Bows
 + Level 6.4(2.8) Armour
 - Level 1.3(0.0) Dodging
 - Level 1.1(0.0) Stealth
 - Level 1.5(0.0) Spellcasting
   Level 0.8(0.0) Transmutations
 - Level 2.6(0.0) Earth Magic


You had 13 spell levels left.
You knew the following spells:

 Your Spells              Type           Power        Failure   Level  Hunger
a - Sandblast             Erth           #.....       100%        1    ##.....

Your spell library contained the following spells:

 Spells                   Type           Power        Failure   Level  Hunger
 Apportation              Tloc           #.....       100%        1    ##.....
 Invisibility             Hex            #.......     100%        6    #######
 Animate Dead             Necr           N/A          100%        4    #####..
 Pain                     Necr           #...         100%        1    ##.....
 Animate Skeleton         Necr           N/A          100%        1    ##.....
 Vampiric Draining        Necr           #.........   100%        3    ####...
 Regeneration             Chrm/Necr      #.........   100%        3    ####...
 Tukima's Dance           Hex            #.......     100%        3    ####...
 Stone Arrow              Conj/Erth      #.....       100%        3    ####...
 Spider Form              Tmut/Pois      #.........   100%        3    ####...
 Blade Hands              Tmut           #.........   100%        5    ######.
 Ice Form                 Ice/Tmut       #.......     100%        4    #####..
 Passwall                 Tmut/Erth      #.......     100%        2    ###....
 Sticks to Snakes         Tmut           #.......     100%        2    ###....
 Summon Butterflies       Summ           #.......     100%        1    ##.....
 Alistair's Intoxication  Tmut/Pois      #.......     100%        5    ######.
 Lee's Rapid Deconstruct  Erth           #.........   100%        5    ######.
 Petrify                  Tmut/Erth      #.......     100%        4    #####..
 Beastly Appendage        Tmut           #.....       100%        1    ##.....
 Lesser Beckoning         Tloc           #.........   100%        3    ####...


Dungeon Overview and Level Annotations

Branches:
Dungeon (11/15)            Temple (1/1) D:4            Lair (5/6) D:10
  Swamp (0/4) Lair:2        Snake (0/4) Lair:3
  Slime: Lair:5-6       Orc: D:9-12

Altars:
Ashenzari
Cheibriados
Dithmenos
Elyvilon
Fedhas
Gozag
Hepliaklqana
Kikubaaqudgha
Makhleb
Nemelex Xobeh
Okawaru
Qazlal
Ru
Sif Muna
Trog
Uskayaw
Vehumet
Wu Jian
Xom
Yredelemnul
Zin
The Shining One

Annotations:
D:6 exclusion: downstairs
D:9 exclusion: downstairs
D:10 exclusion: downstairs, Gastronok
D:11 Erica
Lair:1 exclusion: downstairs
Lair:3 exclusion: oklob plant
Lair:4 Rupert


Innate Abilities, Weirdness & Mutations

You have hooves in place of feet.
Armour fits poorly on your strangely shaped body.
You cover ground very quickly.
You have extremely tough skin. (AC +3)


Message History

Rupert hits you with a battleaxe of draining!
* * * LOW HITPOINT WARNING * * *
You feel drained.
* * * LOW HITPOINT WARNING * * *
Your +1 whip of flaming bursts into flame!
b - a +1 whip of flaming (weapon)
Rupert hits you with a battleaxe of draining!!
* * * LOW HITPOINT WARNING * * *
You feel drained.
* * * LOW HITPOINT WARNING * * *
You're too confused to move!
Rupert hits you with a battleaxe of draining!
* * * LOW HITPOINT WARNING * * *
You feel drained.
* * * LOW HITPOINT WARNING * * *
Unknown command.
You're too confused!
You fade into invisibility!
Rupert hits you with a battleaxe of draining!!
You die...

##### ..#.##### ### ####
........# ##.### ##..#######
.......## ###....#####.........##
........###....@@##..'..........#
..........##.........#........>.#
.......#.........##.##...........
...........+....######...........
........#.##..[.#.###P........<..
#.P'########.......##..........##
###..# #.#.#..#.###P#+#P#..##
#P..## ##.#......# ###.######
#...# #.#.......####...#


You could see Rupert (berserk).

Vanquished Creatures
  2 hydras
  Urug (Lair:1)
  2 two-headed ogres (D:10)
  Sonja (Lair:5)
  A swamp dragon (Lair:1)
  Pikel (D:3)
  A manticore (D:10)
  Joseph (D:7)
  8 spiny frogs
  2 rime drakes (Lair:2)
  2 komodo dragons
  8 blink frogs
  Prince Ribbit (D:8)
  3 hippogriffs
  A wraith (D:10)
  21 yaks
  A basilisk (Lair:5)
  A hungry ghost (D:10)
  A steam dragon (Lair:1)
  7 water moccasins
  10 porcupines
  A black bear (Lair:1)
  A sky beast (D:6)
  4 orc warriors
  An ice beast (D:5)
  3 phantoms
  A slave (D:4)
  2 necrophages
  5 wolves
  A centaur (D:10)
  5 ogres
  6 crocodiles
  A big kobold (D:8)
  10 bullfrogs
  4 scorpions
  3 killer bees (D:10)
  2 electric eels (Lair:2)
  A howler monkey (D:2)
  2 crimson imps (D:6)
  A bullfrog zombie (D:10)
  2 centaur zombies
  3 quasits
  9 hounds
  4 orc priests
  A centaur skeleton (D:4)
  3 bullfrog skeletons
  A gnoll shaman (D:5)
  7 iguanas
  7 orc wizards
  4 worker ants
  A killer bee zombie (D:9)
  3 gnolls
  16 adders
  8 river rats (D:5)
  3 shadow imps
  2 adder skeletons (D:5)
  A worm (D:5)
  3 dart slugs
  4 leopard geckos
  30 orcs
  A ball python (D:5)
  3 giant cockroaches
  5 goblins
  6 hobgoblins
  15 jackals
  8 kobolds
  12 quokkas
  6 bats
  5 frilled lizards
  A giant cockroach zombie (D:6)
  A jackal skeleton (D:6)
  A leopard gecko zombie (D:6)
  20 rats
326 creatures vanquished.

Vanquished Creatures (others)
  A crocodile (Lair:2)
  An orc priest (D:4)
  An iguana (Lair:2)
  An adder skeleton (D:4)
  A dart slug (D:4)
  2 orcs (D:4)
  A quokka (D:4)
  9 fungi
  3 plants
20 creatures vanquished.

Grand Total: 346 creatures vanquished

Notes
Turn   | Place    | Note
-------+----------+-------------------------------------------
     0 | D:1      | Htamos the Centaur Earth Elementalist began the quest for the Orb.
     0 | D:1      | Reached XP level 1. HP: 14/14 MP: 3/3
    33 | D:1      | Reached skill level 1 in Fighting
   360 | D:1      | Reached XP level 2. HP: 24/24 MP: 4/4
   577 | D:2      | Reached skill level 2 in Fighting
  1118 | D:2      | Reached XP level 3. HP: 16/30 MP: 5/5
  1579 | D:2      | Reached skill level 3 in Fighting
  1829 | D:2      | Reached XP level 4. HP: 21/40 MP: 6/6
  2210 | D:2      | Reached skill level 4 in Fighting
  3029 | D:2      | Reached XP level 5. HP: 46/47 MP: 7/7
  3476 | D:3      | Reached skill level 5 in Fighting
  4999 | D:4      | Noticed a slave
  5015 | D:4      | Killed a slave
  5137 | D:4      | Noticed Pikel
  5137 | D:4      | Noticed a slave
  5138 | D:4      | Noticed a slave
  5139 | D:4      | Noticed a slave
  5222 | D:3      | Killed Pikel
  5222 | D:3      | Reached skill level 8 in Fighting
  5222 | D:3      | Reached XP level 6. HP: 25/61 MP: 1/8
  5222 | D:3      | Reached XP level 7. HP: 28/68 MP: 1/9
  5649 | D:4      | Found a staircase to the Ecumenical Temple.
  5730 | Temple   | Entered the Ecumenical Temple
  5892 | Temple   | Became a worshipper of Warmaster Okawaru
  6573 | D:4      | Reached skill level 9 in Fighting
  6621 | D:4      | Got an iridescent rapier
  6622 | D:4      | Identified the cursed +1 rapier "Ponla" {elec, rPois Int+4 Stlth+} (You found it on level 4 of the Dungeon)
  7026 | D:5      | Entered Level 5 of the Dungeon
  7078 | D:5      | Reached XP level 8. HP: 49/78 MP: 10/10
  7429 | D:5      | Reached * piety under Okawaru
  7488 | D:5      | Found a shimmering altar of Xom.
  7539 | D:5      | Reached skill level 10 in Fighting
  8487 | D:6      | Reached ** piety under Okawaru
  8633 | D:6      | Reached skill level 11 in Fighting
  9157 | D:6      | Reached XP level 9. HP: 88/88 MP: 11/11
  9807 | D:6      | Reached skill level 12 in Fighting
 10358 | D:7      | Noticed a two-headed ogre
 11083 | D:7      | Noticed Joseph
 11098 | D:7      | Killed Joseph
 11098 | D:7      | Reached *** piety under Okawaru
 12205 | D:8      | Noticed Prince Ribbit
 12213 | D:8      | Reached skill level 13 in Fighting
 12221 | D:8      | Killed Prince Ribbit
 13189 | D:9      | Found an opulent altar of Gozag.
 13630 | D:9      | Reached skill level 1 in Armour
 13805 | D:10     | Entered Level 10 of the Dungeon
 14076 | D:10     | Reached **** piety under Okawaru
 14079 | D:10     | Reached XP level 10. HP: 100/100 MP: 12/12
 15095 | D:9      | Reached skill level 1 in Bows
 15725 | D:10     | Killed a two-headed ogre
 15725 | D:10     | Received a gift from Okawaru
 16371 | D:10     | Noticed a two-headed ogre
 16567 | D:10     | Killed a two-headed ogre
 16567 | D:10     | Reached ***** piety under Okawaru
 16567 | D:10     | Reached skill level 14 in Fighting
 16768 | D:10     | Found a staircase to the Lair.
 17340 | D:10     | Received a gift from Okawaru
 17448 | D:10     | Noticed a manticore
 17458 | D:10     | Killed a manticore
 17987 | D:11     | Noticed a manticore
 17987 | D:11     | Noticed a cyclops
 17988 | D:11     | Noticed Erica
 18013 | Lair:1   | Entered Level 1 of the Lair of Beasts
 18013 | Lair:1   | Noticed Gastronok
 18750 | Lair:1   | Noticed a spiny frog
 18762 | Lair:1   | Killed a spiny frog
 18762 | Lair:1   | Reached XP level 11. HP: 41/109 MP: 13/13
 19403 | Lair:1   | Received a gift from Okawaru
 19897 | Lair:2   | Noticed Urug
 21625 | Lair:1   | Killed Urug
 21985 | Lair:2   | Noticed a swamp dragon
 21985 | Lair:2   | Noticed an eight-headed hydra
 22021 | Lair:2   | Killed an eight-headed hydra
 22021 | Lair:2   | Received a gift from Okawaru
 22457 | Lair:1   | Killed a swamp dragon
 22457 | Lair:1   | Reached skill level 10 in Bows
 23356 | Lair:1   | Reached skill level 5 in Armour
 24213 | Lair:2   | Found a staircase to the Swamp.
 26030 | Lair:3   | Noticed a six-headed hydra
 26045 | Lair:3   | Found a staircase to the Snake Pit.
 26048 | Lair:3   | Reached XP level 12. HP: 111/118 MP: 6/14
 26073 | Lair:3   | Killed a six-headed hydra
 26401 | Lair:2   | Received a gift from Okawaru
 26671 | Lair:3   | Found a blossoming altar of Fedhas.
 26931 | Lair:3   | Received a gift from Okawaru
 26931 | Lair:3   | Reached skill level 15 in Fighting
 27517 | Lair:4   | Received a gift from Okawaru
 27918 | Lair:4   | Received a gift from Okawaru
 28464 | Lair:5   | Noticed Sonja
 28731 | Lair:5   | Killed Sonja
 28757 | Lair:5   | Noticed Rupert
 28892 | Lair:4   | Paralysed by Rupert for 5 turns
 28910 | Lair:4   | HP: 3/121 [Rupert/battleaxe of draining (7)]
 28910 | Lair:4   | HP: 1/121 [Rupert/battleaxe of draining (2)]
 28911 | Lair:4   | Demolished by Rupert

Skill      XL: |  1  2  3  4  5  6  7  8  9 10 11 12 |
---------------+-------------------------------------+-----
Fighting       | 1 2 3 4 8 9 11 13 14 15 | 15.2
Armour         | 1 4 5 6 |  6.4
Bows           | 7 11 13 | 13.6
Dodging        | |  1.3
Stealth        | |  1.1
Spellcasting   | |  1.5
Transmutations | |  0.8
Earth Magic    | |  2.6

Action                   |  1- 3 |  4- 6 |  7- 9 | 10-12 || total
-------------------------+-------+-------+-------+-------++-------
Melee: Unarmed           |    18 |       |       |       ||    18
       Kick              |    10 |    34 |    86 |    24 ||   154
       Dagger            |     3 |    12 |       |       ||    15
       Mace              |    66 |   132 |       |       ||   198
       Flail             |       |    48 |       |       ||    48
       Whip              |       |       |    91 |    40 ||   131
       Rapier            |       |       |   382 |    77 ||   459
 Fire: Shortbow          |       |       |       |   969 ||   969
 Cast: Sandblast         |    11 |     9 |       |       ||    20
Invok: Heroism           |       |       |       |     5 ||     5
       Finesse           |       |       |       |     1 ||     1
Evoke: Wand              |       |     2 |    25 |    42 ||    69
  Use: Scroll            |       |       |       |    31 ||    31
       Potion            |       |       |       |     3 ||     3
 Stab: Sleeping          |       |       |     2 |       ||     2
       Distracted        |       |       |     1 |       ||     1
       Confused          |       |       |     1 |     1 ||     2
       Paralysed         |       |       |       |     4 ||     4
  Eat: Chunk             |     2 |     6 |    19 |    18 ||    45
       Ration            |       |     1 |     2 |     6 ||     9
Armor: Robe              |    28 |       |       |       ||    28
       Ring mail         |    38 |    98 |   112 |       ||   248
       Chain mail        |       |       |    72 |       ||    72
       Plate armour      |       |       |    45 |   293 ||   338
Dodge: Dodged            |    46 |    97 |   143 |    60 ||   346
       Deflected         |       |     1 |     3 |     5 ||     9
